 Dungeon Crawl Stone Soup version 0.21.1-1-g345015fe64 (webtiles) character file.

6877 OlSheep the Transmogrifier (level 11, 0/56 HPs)
             Began as a Vine Stalker Transmuter on July 7, 2018.
             Was a Priest of Kikubaaqudgha.
             Killed from afar by an electric eel (7 damage)
             ... with a bolt of electricity
             ... on level 9 of the Dungeon.
             The game lasted 01:29:35 (9186 turns).

OlSheep the Transmogrifier (VSTm)                   Turns: 9186, Time: 01:29:35

Health: 0/56       AC:  9    Str: 17    XL:     11   Next: 6%
Magic:  0/23       EV: 14    Int: 15    God:    Kikubaaqudgha [***...]
Gold:   340        SH:  3    Dex: 15    Spells: 6/25 levels left

rFire    . . .     SeeInvis .     - Unarmed
rCold    . . .     Gourm    .   (no shield)
rNeg     . . .     Faith    .   f - +0 leather armour of Experimentation {Str+3}
rPois    .         Spirit   +   w - +1 helmet
rElec    .         Reflect  +   b - +0 cloak
rCorr    .         Harm     .   L - +0 pair of gloves (curse)
MR       ++...                  (boots currently unavailable)
Stlth    +.........             F - +3 amulet of reflection
HPRegen  0.58/turn              m - ring of protection from magic
MPRegen  0.18/turn              C - +1 ring of protection

@: appendage
A: fangs 3, talons 3, regeneration 1, magic shield, antimagic bite, no potion
heal 3, rot immunity
a: End Transformation, Receive Corpses, Renounce Religion


You were on level 9 of the Dungeon.
You worshipped Kikubaaqudgha.
Kikubaaqudgha was most pleased with you.
You were not hungry.
You had grown temporary talons.
You visited 2 branches of the dungeon, and saw 10 of its levels.

You collected 340 gold pieces.

Inventory:

Missiles
 a - 81 arrows
Armour
 b - a +0 cloak (worn)
 e - a +0 scale mail
 f - the +0 leather armour of Experimentation (worn) {Str+3}
   (You found it on level 9 of the Dungeon)

   It affects your strength (+3).
 k - a +0 ring mail
 w - a +1 helmet (worn)
 L - a cursed +0 pair of gloves (worn)
Jewellery
 m - a ring of protection from magic (left hand)
 v - an uncursed ring of fire
 C - a +1 ring of protection (right hand)
 F - a +3 amulet of reflection (around neck)
Wands
 y - a wand of clouds (7)
 D - a wand of iceblast (12)
 E - a wand of flame (22)
Scrolls
 g - a scroll of immolation
 h - a scroll of amnesia
 j - a scroll of identify
 l - 2 scrolls of magic mapping
 q - 2 scrolls of enchant armour
 r - 4 scrolls of remove curse
 x - a scroll of fog
 A - 2 scrolls of teleportation
Potions
 i - 2 potions of haste
 n - 3 potions of flight
 o - a potion of ambrosia
 p - 2 potions of heal wounds
 s - 2 potions of berserk rage
 t - a potion of cancellation
 z - a potion of mutation
 I - a potion of brilliance {unknown}
 K - a potion of might {unknown}
Books
 c - a book of Changes

   Spells                             Type                      Level
   a - Beastly Appendage              Transmutation                1
   b - Sticks to Snakes               Transmutation                2
   c - Spider Form                    Transmutation/Poison         3
   d - Ice Form                       Ice/Transmutation            4
   e - Blade Hands                    Transmutation                5
 u - a book of Minor Magic

   Spells                             Type                      Level
   a - Magic Dart                     Conjuration                  1
   b - Blink                          Translocation                2
   c - Call Imp                       Summoning                    2
   d - Slow                           Hexes                        2
   e - Conjure Flame                  Conjuration/Fire             3
   f - Mephitic Cloud                 Conjuration/Poison/Air       3
 B - Kikubaaqudgha's Catalogue of Evil Magic
   (Kikubaaqudgha gifted it to you on level 5 of the Dungeon)

   Spells                             Type                      Level
   a - Animate Skeleton               Necromancy                   1
   b - Pain                           Necromancy                   1
   c - Sublimation of Blood           Necromancy                   2
   d - Regeneration                   Charms/Necromancy            3
 G - a book of Callings

   Spells                             Type                      Level
   a - Summon Small Mammal            Summoning                    1
   b - Call Imp                       Summoning                    2
   c - Call Canine Familiar           Summoning                    3
   d - Summon Guardian Golem          Hexes/Summoning              3
   e - Summon Lightning Spire         Summoning/Air                4
   f - Summon Ice Beast               Ice/Summoning                4
 J - Kikubaaqudgha's Almanac of Black Rites
   (Kikubaaqudgha gifted it to you on level 9 of the Dungeon)

   Spells                             Type                      Level
   a - Animate Dead                   Necromancy                   4
   b - Excruciating Wounds            Charms/Necromancy            5
   c - Agony                          Necromancy                   5
   d - Dispel Undead                  Necromancy                   5
   e - Death Channel                  Necromancy                   6
Comestibles
 d - 28 rations
 H - 8 chunks of flesh


   Skills:
 * Level 6.0 Fighting
 + Level 5.2 Armour
 + Level 4.0 Dodging
 + Level 6.7 Unarmed Combat
 + Level 7.8 Spellcasting
 * Level 7.1 Necromancy
 * Level 10.3 Transmutations


You had 6 spell levels left.
You knew the following spells:

 Your Spells              Type           Power        Failure   Level  Hunger
a - Beastly Appendage     Tmut           #####.       1%          1    None
b - Spider Form           Tmut/Pois      ###.......   5%          3    ##.....
c - Blade Hands           Tmut           #####.....   6%          5    #####..
d - Ice Form              Ice/Tmut       ###.....     17%         4    ####...
e - Sticks to Snakes      Tmut           #####...     1%          2    None
f - Animate Skeleton      Necr           N/A          1%          1    None
g - Regeneration          Chrm/Necr      ###.......   10%         3    ##.....


Dungeon Overview and Level Annotations

Branches:
Dungeon (9/15)             Temple (1/1) D:4
   Lair: D:8-11         Orc: D:9-12

Altars:
Ashenzari
Cheibriados
Dithmenos
Elyvilon
Fedhas
Gozag
Hepliaklqana
Kikubaaqudgha
Makhleb
Nemelex Xobeh
Okawaru
Qazlal
Ru
Sif Muna
Trog
Uskayaw
Vehumet
Wu Jian
Xom
Yredelemnul
Zin
The Shining One

Annotations:
D:5 1 runed door
D:6 exclusion: oklob plant


Innate Abilities, Weirdness & Mutations

You have razor-sharp teeth.
Your natural rate of healing is unusually fast.
When hurt, damage is shared between your health and your magic reserves.
Your bite disrupts and absorbs the magic of your enemies.
Potions cannot restore your health.
You are immune to rotting.
You have claws for feet.


Message History

The bolt of electricity hits the plant.
The plant is destroyed!
The electric eel shoots out a bolt of lightning at you!
The bolt of electricity misses the electric eel.
The bolt of electricity hits you!
* * * LOW HITPOINT WARNING * * *
Things that are here:
a giant club x2
The electric eel shoots out a bolt of lightning at you!
The bolt of electricity hits the electric eel.
The electric eel completely resists.
The bolt of electricity hits the plant.
The bolt of electricity hits you!
* * * LOW HITPOINT WARNING * * *
Unknown command.
The electric eel shoots out a bolt of lightning at you!
The bolt of electricity hits the plant.
The plant is destroyed!
The bolt of electricity hits you!
You die...
Kikubaaqudgha rasps: "You have failed me!
Welcome... death!" ###.#.≈≈≈♣≈PP≈ #.##≈.P≈≈≈♣P #.###≈PPP≈≈♣≈ #.# ###.≈PP♣ #.# #PP♣≈ #.# P≈PP♣

#.## #≈PP♣≈
#..#####PPP≈≈♣
##@#P≈≈≈.≈♣≈≈≈
#.≈≈;≈;≈♣≈≈≈.
#.≈)≈♣P≈PPPPP
#.≈P..≈..≈P..
#...........#
#############


You could see 2 electric eels.

Vanquished Creatures
  3 two-headed ogres
  Prince Ribbit (D:8)
  A hornet (D:8)
  2 yaks (D:9)
  A hungry ghost (D:5)
  Edmund (D:6)
  2 soldier ants (D:8)
  Duvessa (D:7)
  2 orc warriors (D:8)
  3 sky beasts
  A phantom (D:7)
  2 centaurs
  4 ogres
  A big kobold (D:8)
  2 bullfrogs
  Dowan (D:7)
  A scorpion (D:6)
  2 wights (D:8)
  7 howler monkeys
  The ghost of Fascinator the Ruffian, a weakling DrTm of Hepliaklqana (D:3)
  A crimson imp (D:7)
  A jelly (D:7)
  2 orc priests
  2 hounds
  8 orc wizards
  A centaur skeleton (D:6)
  2 worker ants
  A hound skeleton (D:6)
  12 gnolls
  9 adders
  A shadow imp (D:7)
  An adder zombie (D:6)
  2 adder skeletons
  2 worms
  A dart slug (D:1)
  3 leopard geckos
  33 orcs
  3 bats
  A bat skeleton (D:2)
  A bat zombie (D:2)
  5 giant cockroaches
  9 goblins
  9 hobgoblins
  13 jackals
  13 kobolds
  3 quokkas
  A ball python (D:2)
  A ball python skeleton (D:4)
  A ball python zombie (D:2)
  10 frilled lizards
  6 rats
197 creatures vanquished.

Vanquished Creatures (collateral kills)
  Joseph (D:7)
  A yak (D:9)
  A hungry ghost (D:9)
  A water moccasin (D:9)
  2 ogres
  A bullfrog (D:6)
  A gnoll sergeant (D:9)
  A wight (D:8)
  A howler monkey (D:9)
  A bullfrog zombie (D:9)
  A quasit (D:9)
  An orc priest (D:5)
  4 gnolls (D:9)
  An adder (D:3)
  A worm (D:3)
  6 orcs
  2 jackals (D:6)
  A plant (D:9)
28 creatures vanquished.

Vanquished Creatures (others)
  2 plants (D:9)
2 creatures vanquished.

Grand Total: 227 creatures vanquished

Notes
Turn   | Place    | Note
-------+----------+-------------------------------------------
     0 | D:1      | OlSheep the Vine Stalker Transmuter began the quest for the Orb.
     0 | D:1      | Reached XP level 1. HP: 9/9 MP: 4/4
    82 | D:1      | Reached skill level 1 in Fighting
   160 | D:1      | Reached XP level 2. HP: 10/14 MP: 3/6
   555 | D:1      | Reached XP level 3. HP: 16/18 MP: 7/7
   956 | D:2      | Found a radiant altar of Vehumet.
  1301 | D:2      | Learned a level 2 spell: Sticks to Snakes
  1635 | D:2      | Found a sacrificial altar of Ru.
  1639 | D:2      | Found a white marble altar of Elyvilon.
  1713 | D:2      | Found a snail-covered altar of Cheibriados.
  2065 | D:2      | Reached skill level 1 in Armour
  2065 | D:2      | Gained mutation: Your natural rate of healing is unusually fast. [Vine Stalker growth]
  2065 | D:2      | Reached XP level 4. HP: 22/22 MP: 6/8
  2366 | D:2      | Reached skill level 5 in Unarmed Combat
  2366 | D:2      | Reached skill level 6 in Transmutations
  2366 | D:2      | Reached XP level 5. HP: 30/30 MP: 8/12
  2425 | D:3      | Reached skill level 5 in Fighting
  2837 | D:2      | Found a blossoming altar of Fedhas.
  2852 | D:3      | Noticed Fascinator's ghost (weakling DrTm)
  2880 | D:3      | Killed Fascinator's ghost
  2967 | D:3      | Reached XP level 6. HP: 35/35 MP: 13/13
  3190 | D:3      | Found a hazy altar of Hepliaklqana.
  3191 | D:3      | Found a glowing golden altar of the Shining One.
  3312 | D:4      | Found a basalt altar of Yredelemnul.
  3383 | D:3      | Learned a level 3 spell: Spider Form
  4271 | D:4      | Reached XP level 7. HP: 37/39 MP: 12/14
  4351 | D:4      | Found a staircase to the Ecumenical Temple.
  4362 | Temple   | Entered the Ecumenical Temple
  4588 | Temple   | Became a worshipper of Kikubaaqudgha
  4726 | D:5      | Entered Level 5 of the Dungeon
  5001 | D:5      | Found a white marble altar of Elyvilon.
  5002 | D:5      | Found a runed door.
  5002 | D:5      | Noticed an angel
  5051 | D:5      | Noticed a hungry ghost
  5069 | D:5      | Killed a hungry ghost
  5069 | D:5      | Gained mutation: You have razor-sharp teeth. [Vine Stalker growth]
  5069 | D:5      | Reached XP level 8. HP: 40/43 MP: 14/16
  5171 | D:5      | Reached * piety under Kikubaaqudgha
  5171 | D:5      | Identified Kikubaaqudgha's Catalogue of Evil Magic (Kikubaaqudgha gifted it to you on level 5 of the Dungeon)
  5171 | D:5      | Received a gift from Kikubaaqudgha
  5176 | D:5      | Reached skill level 9 in Transmutations
  5176 | D:5      | Reached XP level 9. HP: 47/47 MP: 16/20
  5179 | D:5      | Learned a level 1 spell: Animate Skeleton
  5183 | D:5      | Learned a level 3 spell: Regeneration
  5189 | D:5      | Learned a level 5 spell: Blade Hands
  5194 | D:5      | Learned a level 4 spell: Ice Form
  5231 | D:5      | Found a shadowy altar of Dithmenos.
  6287 | D:6      | Found a stormy altar of Qazlal.
  6287 | D:6      | Noticed an oklob plant
  6495 | D:6      | Noticed Edmund
  6519 | D:6      | Killed Edmund
  6824 | D:7      | Noticed Joseph
  7068 | D:7      | Noticed a two-headed ogre
  7085 | D:7      | Killed a two-headed ogre
  7085 | D:7      | Reached skill level 5 in Armour
  7231 | D:7      | Found a glowing silver altar of Zin.
  7237 | D:7      | Noticed an angel
  7295 | D:7      | Found a shimmering altar of Xom.
  7341 | D:7      | Noticed Duvessa
  7344 | D:7      | Noticed Dowan
  7414 | D:7      | Killed Duvessa
  7414 | D:7      | Reached ** piety under Kikubaaqudgha
  7419 | D:7      | Reached XP level 10. HP: 37/52 MP: 21/21
  7431 | D:7      | Killed Dowan
  7498 | D:7      | Noticed a two-headed ogre
  7514 | D:7      | Killed a two-headed ogre
  7595 | D:7      | Killed Joseph
  8099 | D:8      | Found an ornate altar of the Wu Jian Council.
  8212 | D:8      | Noticed Prince Ribbit
  8214 | D:8      | Found an opulent altar of Gozag.
  8520 | D:8      | Killed Prince Ribbit
  8557 | D:8      | Reached skill level 10 in Transmutations
  8730 | D:9      | Got an agate-encrusted leather armour
  8744 | D:9      | Identified the +0 leather armour of Experimentation {Str+3} (You found it on level 9 of the Dungeon)
  8954 | D:9      | Reached *** piety under Kikubaaqudgha
  8954 | D:9      | Identified Kikubaaqudgha's Almanac of Black Rites (Kikubaaqudgha gifted it to you on level 9 of the Dungeon)
  8954 | D:9      | Received a gift from Kikubaaqudgha
  9083 | D:9      | Noticed a two-headed ogre
  9093 | D:9      | Killed a two-headed ogre
  9093 | D:9      | Reached XP level 11. HP: 56/56 MP: 18/23
  9186 | D:9      | Killed from afar by an electric eel

Skill      XL: |  1  2  3  4  5  6  7  8  9 10 11 |
---------------+----------------------------------+-----
Fighting       | 1 4 5 6 |  6.0
Armour         | 1 4 5 |  5.2
Dodging        | 3 4 |  4.0
Unarmed Combat | 5 6 |  6.7
Spellcasting   | 4 6 7 |  7.8
Transmutations | 6 9 10 | 10.3
Necromancy     | 6 7 |  7.1

Action                   |  1- 3 |  4- 6 |  7- 9 | 10-12 || total
-------------------------+-------+-------+-------+-------++-------
Melee: Unarmed           |    96 |   163 |   177 |   159 ||   595
       Bite              |    19 |    34 |    41 |    22 ||   116
       Headbutt          |     7 |     9 |       |       ||    16
       Kick              |    11 |    30 |    35 |     9 ||    85
       Punch             |       |     1 |     2 |     3 ||     6
 Cast: Beastly Appendage |    25 |    32 |    22 |     7 ||    86
       Sticks to Snakes  |       |    15 |    13 |    12 ||    40
       Animate Skeleton  |       |       |    11 |    18 ||    29
       Blade Hands       |       |       |     5 |     5 ||    10
       Spider Form       |       |       |     2 |     9 ||    11
       Regeneration      |       |       |     1 |     2 ||     3
  Use: Scroll            |       |    10 |     7 |     2 ||    19
       Potion            |       |     1 |     1 |       ||     2
 Stab: Distracted        |       |     1 |     1 |     3 ||     5
  Eat: Chunk             |     4 |     8 |    13 |     9 ||    34
Armor: Scale mail        |    23 |       |       |       ||    23
       Ring mail         |    14 |    33 |    55 |    19 ||   121
       Skin              |       |       |     1 |     4 ||     5
       Leather armour    |       |       |       |     2 ||     2
Dodge: Dodged            |    46 |    86 |   118 |   109 ||   359
Block: Other             |       |       |       |     4 ||     4
